TOP OF THE 1ST |
Colorado Buffaloes batting - Pitching for Boston College Eagles : LHP Desi Wells
|
Pitching: LHP Desi Wells
|
|
Batting: RHB Rob Groves
|
0-0: Called Strike 0-1: Ball 1-1: Ball 2-1: Fly out, F8 (Flyball, 8RXD)
|
Batting: RHB Esteban Lara
|
0-0: Ball 1-0: Swinging Strike 1-1: Ball 2-1: Ball 3-1: Base on Balls
|
Batting: LHB Miguel Sánchez
|
0-0: Called Strike 0-1: Ball 1-1: Ball 2-1: Ball 3-1: Called Strike 3-2: Base on Balls Esteban Lara to second
|
Batting: RHB Pedro Romero
|
0-0: DOUBLE (Line Drive, 7LM) Esteban Lara scores Miguel Sánchez to third Runner from 3rd tries for Home, SAFE, no throw or cutoff
|
Batting: RHB Ramón Chávez
|
0-0: Ball 1-0: Foul Ball, location: 2F 1-1: Swinging Strike 1-2: Strikes out swinging
|
Batting: LHB Craig Kenney
|
0-0: Swinging Strike 0-1: Ball 1-1: Ball 2-1: Swinging Strike 2-2: Foul Ball, location: 2F 2-2: Foul Ball, location: 2F 2-2: Foul Ball, location: 2F 2-2: SINGLE (Groundball, 2L) (infield hit) Pedro Romero to third
|
Batting: RHB Henry Barker
|
0-0: Ball 1-0: Ball 2-0: SINGLE (Line Drive, 8LS) Pedro Romero scores Craig Kenney to second
|
Batting: RHB Desi Parkinson
|
0-0: Ball 1-0: Called Strike 1-1: Ball 2-1: Called Strike 2-2: SINGLE (Groundball, 56D) Craig Kenney to third Henry Barker to second Runner from 3rd tries for Home, SAFE, no throw or cutoff
|
Batting: RHB Gerald Mullen
|
0-0: Ball 1-0: Fielders Choice at 2nd, U6 (Groundball, 6M)
|
Top of the 1st over - 4 run(s), 4 hit(s), 0 error(s), 2 left on base; Colorado 4 - Boston College 0 |
BOTTOM OF THE 1ST |
Boston College Eagles batting - Pitching for Colorado Buffaloes : RHP Richard Bridges
|
Pitching: RHP Richard Bridges
|
|
Batting: RHB Kane Cooper
|
0-0: TRIPLE (Line Drive, 9LM)
|
Batting: RHB Emory Brooks
|
0-0: Called Strike 0-1: Ball 1-1: Foul Ball, location: 2F 1-2: Ball 2-2: Strikes out swinging
|
Batting: LHB Dave Cook
|
0-0: Called Strike 0-1: Ball 1-1: Called Strike 1-2: Fly out, F9 (Popup, 4D)
|
Batting: RHB Vernon Sterling
|
0-0: Ball 1-0: Foul Ball, location: 2F 1-1: Foul Ball, location: 2F 1-2: SINGLE (Line Drive, 89S) Kane Cooper scores
|
Batting: SHB Felipe Castro
|
0-0: Ball 1-0: Ball 2-0: 2-RUN HOME RUN (Line Drive, 89XD), Distance : 375 ft
|
Batting: RHB Bobby Porter
|
0-0: SINGLE (Groundball, 6M)
|
Batting: RHB Ambrose Brown
|
0-0: Ball Wild Pitch! Bobby Porter to second 1-0: Ball 2-0: Called Strike 2-1: Foul Ball, location: 2F 2-2: Ground out 5-3 (Groundball, 56)
|
Bottom of the 1st over - 3 run(s), 4 hit(s), 0 error(s), 1 left on base; Colorado 4 - Boston College 3 |
TOP OF THE 2ND |
Colorado Buffaloes batting - Pitching for Boston College Eagles : LHP Desi Wells
|
Batting: RHB Rob Groves
|
0-0: Swinging Strike 0-1: Ball 1-1: Ball 2-1: SOLO HOME RUN (Flyball, 78XD), Distance : 387 ft
|
Batting: RHB Esteban Lara
|
0-0: Called Strike 0-1: Called Strike 0-2: Strikes out swinging
|
Batting: LHB Miguel Sánchez
|
0-0: Ball 1-0: Foul Ball, location: 2F 1-1: DOUBLE (Line Drive, 5L)
|
Batting: RHB Pedro Romero
|
0-0: Ball 1-0: Ball 2-0: Ball 3-0: Called Strike 3-1: Fly out, F8 (Flyball, 8LM)
|
Batting: RHB Ramón Chávez
|
0-0: Called Strike 0-1: Ground out 4-3 (Groundball, 4M)
|
Top of the 2nd over - 1 run(s), 2 hit(s), 0 error(s), 1 left on base; Colorado 5 - Boston College 3 |
BOTTOM OF THE 2ND |
Boston College Eagles batting - Pitching for Colorado Buffaloes : RHP Richard Bridges
|
Batting: RHB Pepe Chávez
|
0-0: Ball 1-0: Called Strike 1-1: Ball 2-1: Ball 3-1: Base on Balls
|
Batting: RHB Will Stafford
|
0-0: Ball 1-0: Foul Ball, location: 2F 1-1: Ball 2-1: Called Strike 2-2: Strikes out looking
|
Batting: RHB Kane Cooper
|
0-0: Called Strike 0-1: Ball 1-1: Foul Ball, location: 2F 1-2: Grounds into double play, 6-4-3 (Groundball, 6)
|
Bottom of the 2nd over - 0 run(s), 0 hit(s), 0 error(s), 0 left on base; Colorado 5 - Boston College 3 |
TOP OF THE 3RD |
Colorado Buffaloes batting - Pitching for Boston College Eagles : LHP Desi Wells
|
Batting: LHB Craig Kenney
|
0-0: DOUBLE (Line Drive, 7LM)
|
Batting: RHB Henry Barker
|
0-0: Swinging Strike 0-1: Foul Ball, location: 2F 0-2: Strikes out swinging
|
Batting: RHB Desi Parkinson
|
0-0: Called Strike 0-1: SINGLE (Groundball, 34) Craig Kenney to third Runner from 3rd tries for Home, SAFE, no throw or cutoff
|
Batting: RHB Gerald Mullen
|
0-0: Foul Ball, location: 2F 0-1: Ball 1-1: Foul Ball, location: 2F 1-2: Ball 2-2: Ball 3-2: SINGLE (Line Drive, 6D) Desi Parkinson to second
|
Batting: RHB Rob Groves
|
0-0: Ball 1-0: Called Strike 1-1: Foul Ball, location: 2F 1-2: Strikes out looking
|
Batting: RHB Esteban Lara
|
0-0: Swinging Strike 0-1: Swinging Strike 0-2: Strikes out looking
|
Top of the 3rd over - 1 run(s), 3 hit(s), 0 error(s), 2 left on base; Colorado 6 - Boston College 3 |
BOTTOM OF THE 3RD |
Boston College Eagles batting - Pitching for Colorado Buffaloes : RHP Richard Bridges
|
Batting: RHB Emory Brooks
|
0-0: Foul Ball, location: 2F 0-1: Ball 1-1: Ball 2-1: Called Strike 2-2: Ball 3-2: Foul Ball, location: 2F 3-2: Ground out 6-3 (Groundball, 6M)
|
Batting: LHB Dave Cook
|
0-0: Called Strike 0-1: Ball 1-1: Called Strike 1-2: Fly out, F7 (Popup, 7LS)
|
Batting: RHB Vernon Sterling
|
0-0: Called Strike 0-1: Ball 1-1: Swinging Strike 1-2: Strikes out looking
|
Bottom of the 3rd over - 0 run(s), 0 hit(s), 0 error(s), 0 left on base; Colorado 6 - Boston College 3 |
TOP OF THE 4TH |
Colorado Buffaloes batting - Pitching for Boston College Eagles : LHP Desi Wells
|
Batting: LHB Miguel Sánchez
|
0-0: Ball 1-0: Foul Ball, location: 2F 1-1: Foul Ball, location: 2F 1-2: Strikes out swinging
|
Batting: RHB Pedro Romero
|
0-0: Foul Ball, location: 2F 0-1: Fly out, F9 (Flyball, 89M)
|
Batting: RHB Ramón Chávez
|
0-0: Ground out 4-3 (Groundball, 34)
|
Top of the 4th over - 0 run(s), 0 hit(s), 0 error(s), 0 left on base; Colorado 6 - Boston College 3 |
BOTTOM OF THE 4TH |
Boston College Eagles batting - Pitching for Colorado Buffaloes : RHP Richard Bridges
|
Batting: SHB Felipe Castro
|
0-0: Called Strike 0-1: Foul Ball, location: 2F 0-2: Foul Ball, location: 2F 0-2: Foul Ball, location: 2F 0-2: Fly out, F5 (Popup, 5DF)
|
Batting: RHB Bobby Porter
|
0-0: Ground out 5-3 (Groundball, 56)
|
Batting: RHB Ambrose Brown
|
0-0: Ball 1-0: Foul Ball, location: 2F 1-1: Ball 2-1: Swinging Strike 2-2: Ball 3-2: Fly out, F9 (Popup, 4D)
|
Bottom of the 4th over - 0 run(s), 0 hit(s), 0 error(s), 0 left on base; Colorado 6 - Boston College 3 |
TOP OF THE 5TH |
Colorado Buffaloes batting - Pitching for Boston College Eagles : LHP Desi Wells
|
Pitching: RHP Ed Church
|
|
Batting: LHB Craig Kenney
|
0-0: Ball 1-0: Ball 2-0: Ball 3-0: Base on Balls
|
Batting: RHB Henry Barker
|
0-0: Ball 1-0: Ball 2-0: Called Strike 2-1: Ball 3-1: Foul Ball, location: 2F 3-2: Strikes out looking Craig Kenney steals 2nd base Batter strikes out.
|
Batting: RHB Desi Parkinson
|
0-0: Fly out, F2 (Popup, 2LF)
|
Batting: RHB Gerald Mullen
|
0-0: Swinging Strike 0-1: Foul Ball, location: 2F 0-2: Strikes out swinging
|
Top of the 5th over - 0 run(s), 0 hit(s), 0 error(s), 1 left on base; Colorado 6 - Boston College 3 |
BOTTOM OF THE 5TH |
Boston College Eagles batting - Pitching for Colorado Buffaloes : RHP Richard Bridges
|
Batting: RHB Pepe Chávez
|
0-0: Ball 1-0: Ball 2-0: Called Strike 2-1: Ground out 4-3 (Groundball, 4M)
|
Batting: RHB Will Stafford
|
0-0: Ball 1-0: Swinging Strike 1-1: Ball 2-1: Ball 3-1: Base on Balls
|
Batting: RHB Kane Cooper
|
0-0: SINGLE (Groundball, 6MD) Will Stafford to second
|
Batting: RHB Emory Brooks
|
0-0: Ball 1-0: Ball 2-0: Called Strike 2-1: Ball 3-1: Base on Balls Will Stafford to third Kane Cooper to second
|
Batting: LHB Dave Cook
|
0-0: Ball 1-0: Ball 2-0: Ball 3-0: Base on Balls Will Stafford scores Kane Cooper to third Emory Brooks to second
|
Pitching: LHP Jaime Gonzáles
|
|
Batting: RHB Vernon Sterling
|
0-0: GRAND SLAM HOME RUN (Flyball, 89XD), Distance : 374 ft
|
Batting: SHB Felipe Castro
|
0-0: Called Strike 0-1: Ground out 5-3 (Groundball, 56S)
|
Batting: RHB Bobby Porter
|
0-0: Ball 1-0: Ball 2-0: Ball 3-0: Called Strike 3-1: Fly out, F3 (Popup, 3S)
|
Bottom of the 5th over - 5 run(s), 2 hit(s), 0 error(s), 0 left on base; Colorado 6 - Boston College 8 |
TOP OF THE 6TH |
Colorado Buffaloes batting - Pitching for Boston College Eagles : RHP Ed Church
|
Batting: RHB Rob Groves
|
0-0: Called Strike 0-1: Called Strike 0-2: Ball 1-2: SINGLE (Popup, 9LS)
|
Batting: RHB Esteban Lara
|
0-0: Ball 1-0: Ball Rob Groves steals 2nd base 2-0: Fly out, F1 (Line Drive, 13)
|
Batting: LHB Miguel Sánchez
|
0-0: Called Strike 0-1: Ball Rob Groves steals 3rd base 1-1: Ball 2-1: Swinging Strike 2-2: Strikes out swinging
|
Batting: RHB Pedro Romero
|
0-0: Called Strike 0-1: Swinging Strike 0-2: Strikes out swinging
|
Top of the 6th over - 0 run(s), 1 hit(s), 0 error(s), 1 left on base; Colorado 6 - Boston College 8 |
BOTTOM OF THE 6TH |
Boston College Eagles batting - Pitching for Colorado Buffaloes : LHP Jaime Gonzáles
|
Batting: RHB Ambrose Brown
|
0-0: Foul Ball, location: 2F 0-1: Ball 1-1: Ball 2-1: Foul Ball, location: 2F 2-2: Foul Ball, location: 2F 2-2: Ground out 4-3 (Groundball, 4)
|
Batting: RHB Pepe Chávez
|
0-0: Called Strike 0-1: Ball 1-1: Swinging Strike 1-2: DOUBLE (Line Drive, 8RM)
|
Batting: RHB Will Stafford
|
0-0: Ball Pepe Chávez steals 3rd base 1-0: Foul Ball, location: 2F 1-1: Ball 2-1: Ball 3-1: Foul Ball, location: 2F 3-2: Base on Balls
|
Batting: RHB Kane Cooper
|
0-0: Ball 1-0: Ball 2-0: Called Strike 2-1: Ball 3-1: Foul Ball, location: 2F 3-2: Strikes out swinging
|
Pitching: RHP Ralph Williams
|
|
Batting: RHB Emory Brooks
|
0-0: Swinging Strike 0-1: Ball 1-1: Ball 2-1: Ball 3-1: SINGLE (Line Drive, 89M) Pepe Chávez scores Will Stafford to second
|
Batting: LHB Dave Cook
|
0-0: Ball 1-0: Swinging Strike 1-1: Ball 2-1: Ball 3-1: Swinging Strike 3-2: Base on Balls Will Stafford to third Emory Brooks to second
|
Batting: RHB Vernon Sterling
|
0-0: Called Strike 0-1: Ball 1-1: Ball 2-1: Called Strike 2-2: Strikes out swinging
|
Bottom of the 6th over - 1 run(s), 2 hit(s), 0 error(s), 3 left on base; Colorado 6 - Boston College 9 |
TOP OF THE 7TH |
Colorado Buffaloes batting - Pitching for Boston College Eagles : RHP Ed Church
|
Pitching: LHP Francisco Rodríguez
|
|
Batting: RHB Ramón Chávez
|
0-0: Swinging Strike 0-1: Ball 1-1: Ball 2-1: Ball 3-1: Fly out, F8 (Flyball, 8LM)
|
Batting: LHB Craig Kenney
|
0-0: Fly out, F8 (Flyball, 89D)
|
Batting: RHB Henry Barker
|
0-0: Ball 1-0: Ball 2-0: Ball 3-0: Called Strike 3-1: Foul Ball, location: 2F 3-2: Base on Balls
|
Batting: RHB Desi Parkinson
|
0-0: Called Strike 0-1: Ball 1-1: Foul Ball, location: 2F 1-2: Ball 2-2: Ball 3-2: Foul Ball, location: 2F 3-2: Strikes out looking
|
Top of the 7th over - 0 run(s), 0 hit(s), 0 error(s), 1 left on base; Colorado 6 - Boston College 9 |
BOTTOM OF THE 7TH |
Boston College Eagles batting - Pitching for Colorado Buffaloes : RHP Ralph Williams
|
Batting: SHB Felipe Castro
|
0-0: Called Strike 0-1: Ground out 4-3 (Groundball, 4)
|
Batting: RHB Bobby Porter
|
0-0: Called Strike 0-1: SOLO HOME RUN (Flyball, 78XD), Distance : 364 ft
|
Batting: RHB Ambrose Brown
|
0-0: Ball 1-0: Called Strike 1-1: Ball 2-1: Fly out, F8 (Flyball, 8LM)
|
Batting: RHB Pepe Chávez
|
0-0: SINGLE (Groundball, 15) (infield hit)
|
Batting: RHB Will Stafford
|
0-0: Ball Pepe Chávez is caught stealing 2nd base
|
Bottom of the 7th over - 1 run(s), 2 hit(s), 0 error(s), 0 left on base; Colorado 6 - Boston College 10 |
TOP OF THE 8TH |
Colorado Buffaloes batting - Pitching for Boston College Eagles : LHP Francisco Rodríguez
|
Batting: RHB Gerald Mullen
|
0-0: Called Strike 0-1: Fly out, F4 (Popup, 4D)
|
Batting: RHB Rob Groves
|
0-0: Called Strike 0-1: Ball 1-1: Foul Ball, location: 2F 1-2: Ball 2-2: Foul Ball, location: 2F 2-2: Strikes out swinging
|
Batting: RHB Esteban Lara
|
0-0: Ball 1-0: Called Strike 1-1: Swinging Strike 1-2: Ball 2-2: Ball 3-2: Strikes out swinging
|
Top of the 8th over - 0 run(s), 0 hit(s), 0 error(s), 0 left on base; Colorado 6 - Boston College 10 |
BOTTOM OF THE 8TH |
Boston College Eagles batting - Pitching for Colorado Buffaloes : RHP Ralph Williams
|
Batting: RHB Will Stafford
|
0-0: Ball 1-0: Swinging Strike 1-1: Swinging Strike 1-2: Fly out, F8 (Flyball, 8LM)
|
Batting: RHB Kane Cooper
|
0-0: Ball 1-0: Ball 2-0: Foul Ball, location: 2F 2-1: Ball 3-1: Called Strike 3-2: Strikes out looking
|
Pitching: LHP Víctor Ramírez
|
|
Batting: RHB Emory Brooks
|
0-0: Ball 1-0: Ball 2-0: Ground out 5-3 (Groundball, 5S)
|
Bottom of the 8th over - 0 run(s), 0 hit(s), 0 error(s), 0 left on base; Colorado 6 - Boston College 10 |
TOP OF THE 9TH |
Colorado Buffaloes batting - Pitching for Boston College Eagles : LHP Francisco Rodríguez
|
Pitching: RHP Manuel Cruz
|
|
Batting: LHB Miguel Sánchez
|
0-0: Foul Ball, location: 2F 0-1: Swinging Strike 0-2: Strikes out swinging
|
Batting: RHB Pedro Romero
|
0-0: Ground out 6-3 (Groundball, 6)
|
Batting: RHB Ramón Chávez
|
0-0: Ball 1-0: Ball 2-0: Ball 3-0: Called Strike 3-1: Swinging Strike 3-2: Base on Balls
|
Batting: LHB Craig Kenney
|
0-0: Called Strike 0-1: SINGLE (Groundball, 56D) (infield hit) Ramón Chávez to second
|
Batting: RHB Henry Barker
|
0-0: Foul Ball, location: 2F 0-1: Ball 1-1: Called Strike 1-2: Ball 2-2: Foul Ball, location: 2F 2-2: Strikes out looking
|
Top of the 9th over - 0 run(s), 1 hit(s), 0 error(s), 2 left on base; Colorado 6 - Boston College 10 |
|